 Dungeon Crawl Stone Soup version 0.25-a0-356-g7c9d860b3b (webtiles) character file.

Game seed: 12338678181934368966, levelgen mode: deterministic

372 Error4North the Covered (level 6, -4/53 HPs)
             Began as a Hill Orc Fighter on Jan 3, 2020.
             Engulfed by a cloud of freezing vapour (23 damage)
             ... on level 3 of the Dungeon.
             The game lasted 00:09:13 (2798 turns).

Error4North the Covered (Hill Orc Fighter)          Turns: 2798, Time: 00:09:14

Health: -4/53      AC:  8    Str: 20    XL:     6   Next: 71%
Magic:  8/8        EV:  8    Int:  9    God:
Gold:   158        SH:  9    Dex: 10    Spells: 8/8 levels left

rFire    . . .     SeeInvis .   a - +0 war axe
rCold    . . .     Gourm    .   c - +0 shield
rNeg     . . .     Faith    .   b - +0 scale mail
rPois    .         Spirit   .   (no helmet)
rElec    .         Reflect  .   (no cloak)
rCorr    .         Harm     .   (no gloves)
MR       .....                  j - +0 pair of boots
Stlth    ..........             (no amulet)
HPRegen  0.17/turn              (no ring)
MPRegen  0.11/turn              (no ring)

@: lethally poisoned (-4 -> -14)
A: no striking features
a: no special abilities


You were on level 3 of the Dungeon.
You were not hungry.

You visited 1 branch of the dungeon, and saw 3 of its levels.

You collected 158 gold pieces.

Inventory:

Hand Weapons
 a - a +0 war axe (weapon)
Missiles
 q - 5 curare-tipped darts (quivered)
Armour
 b - a +0 scale mail (worn)
 c - a +0 shield (worn)
 j - a +0 pair of boots (worn)
Scrolls
 e - 4 scrolls of remove curse {unknown}
 g - 6 scrolls of identify {unknown}
 i - a scroll of fog {unknown}
 m - a scroll of magic mapping {unknown}
 o - a scroll of fear {unknown}
Potions
 d - 2 potions of might
 h - a potion of haste
 k - 2 potions of heal wounds
 l - a potion of cancellation {unknown}
 p - 2 potions of brilliance {unknown}
 r - a potion of resistance {unknown}
 s - a potion of berserk rage {unknown}
Comestibles
 f - 5 rations
 n - 2 chunks of flesh


   Skills:
 + Level 4.3 Fighting
 + Level 4.7 Axes
 * Level 4.9 Armour
 + Level 1.1 Dodging
 + Level 0.1 Stealth
 * Level 4.7 Shields
 * Level 1.5 Spellcasting


You had 8 spell levels left.
You didn't know any spells.
Your spell library was empty.

Dungeon Overview and Level Annotations

Branches:
Dungeon (3/15)

Altars:
Uskayaw
Yredelemnul


Message History

You're standing in a cloud of poison gas!
Really walk into that cloud of noxious fumes?
You are engulfed in noxious fumes.
You choke on the stench!
You are confused.
You feel sick. Ijyb hits you but does no damage.
You barely miss Ijyb.
Ijyb is almost dead.
You feel less confused.
You feel sick. Ijyb barely misses you. Ijyb hits you but does no damage.
You feel sick.
Ijyb zaps a wand.
Ijyb creates a blast of freezing vapour!
Found 16 stones.
You closely miss Ijyb.
Ijyb is almost dead.
You are engulfed in freezing vapours.
You feel sick.
Ijyb zaps a wand.
Ijyb creates a blast of flame!
The now-empty wand crumbles to dust.
You hit Ijyb.
You kill Ijyb!
You are engulfed in freezing vapours.
You die...

###### #.. .#
#####.##.#
.......># .#
#######§[#..#..#.
.....§§§§@§.#....#
#######§☼#§§§....#
#☼§#.§#.#..#
#§§#.§§....
#..#<...# (
#.....######
#.##........
#.##.#######
#.##.#


There were no monsters in sight!

Vanquished Creatures
  Sigmund (D:3)
  Crazy Yiuf (D:2)
  Ijyb (D:3)
  Natasha (twice) (D:2)
  3 gnolls (D:2)
  2 adders (D:3)
  An ooze (D:3)
  A worm (D:3)
  A dart slug (D:1)
  A leopard gecko (D:2)
  An orc (D:3)
  3 giant cockroaches
  3 goblins
  9 hobgoblins
  9 jackals
  4 kobolds
  A quokka (D:3)
  2 ball pythons
  13 bats
  6 frilled lizards
  2 rats
67 creatures vanquished.

Notes
Turn   | Place    | Note
-------+----------+-------------------------------------------
     0 | D:1      | Error4North the Hill Orc Fighter began the quest for the
                  | Orb.
     0 | D:1      | Reached XP level 1. HP: 19/19 MP: 1/1
   270 | D:1      | Reached XP level 2. HP: 23/27 MP: 2/2
   518 | D:1      | Reached XP level 3. HP: 31/33 MP: 3/3
   915 | D:2      | Reached XP level 4. HP: 28/40 MP: 3/5
  1158 | D:2      | Found a runed translucent door.
  1159 | D:2      | Noticed Crazy Yiuf
  1167 | D:2      | Killed Crazy Yiuf
  1167 | D:2      | Reached skill level 1 in Spellcasting
  1505 | D:2      | Found a basalt altar of Yredelemnul.
  1563 | D:2      | Noticed Natasha
  1583 | D:2      | Killed Natasha
  1583 | D:2      | Reached XP level 5. HP: 26/46 MP: 6/6
  1803 | D:2      | Noticed Natasha
  1817 | D:2      | Killed Natasha
  2089 | D:3      | Noticed Sigmund
  2100 | D:3      | Killed Sigmund
  2100 | D:3      | Reached skill level 1 in Dodging
  2100 | D:3      | Reached XP level 6. HP: 16/52 MP: 6/8
  2701 | D:3      | Found a hide-covered altar of Uskayaw.
  2783 | D:3      | Noticed Ijyb
  2798 | D:3      | Killed Ijyb
  2798 | D:3      | Engulfed by a cloud of freezing vapour

Levels and vault maps discovered:
D:1:      dpeg_arrival_stonehenge_8_columns, layout_basic,
          minmay_misc_feat_columns, solitary_fountain
D:2:      layout_loops_cross, overflow_temple_1_default, uniq_natasha,
          uniq_crazy_yiuf_cottage
D:3:      minmay_wonky_spiral, layout_basic,
          grunt_temple_overflow_magic_moments, eat_drink_and_be_merry_uskayaw,
          uniq_ijyb, uniq_sigmund, uniq_robin

Skill      XL: |  1  2  3  4  5 |
---------------+----------------+-----
Axes           | 3 4 |  4.7
Shields        | 4 |  4.7
Armour         | 4 |  4.9
Spellcasting   | 1 |  1.5
Fighting       | 4 |  4.3
Dodging        | 1 |  1.1
Stealth        | |  0.1

Action                   |  1- 3 |  4- 6 || total
-------------------------+-------+-------++-------
Melee: War axe           |   103 |   152 ||   255
  Use: Potion            |       |     1 ||     1
  Eat: Chunk             |       |     4 ||     4
       Ration            |       |     1 ||     1
Armor: Scale mail        |    69 |    70 ||   139
Dodge: Dodged            |    38 |    59 ||    97
Block: Shield            |    66 |    74 ||   140

Table legend:
 A = Non-vault XP
 B = Vault XP
 C = Vault XP percentage of total XP
 D = Non-vault monster count
 E = Vault monster count
 F = Vault count percentage of total count
                 A         B        C        D         E       F
            +---------+---------+-------+---------+---------+-------
      Total |     212 |     320 |  60.2 |      63 |       4 |   6.0
            +---------+---------+-------+---------+---------+-------
        D:1 |      39 |       0 |   0.0 |      25 |       0 |   0.0
        D:2 |     117 |      77 |  39.7 |      25 |       2 |   7.4
        D:3 |      56 |     243 |  81.3 |      13 |       2 |  13.3
            +---------+---------+-------+---------+---------+-------
